 Dungeon Crawl Stone Soup version 0.24.0-13-gcf9b3192b9 (webtiles) character file.

Game seed: 12182955250360943828, levelgen mode: deterministic

58 Gumption the Firebug (level 3, -4/26 HPs)
             Began as a Draconian Fire Elementalist on Nov 6, 2019.
             Killed from afar by Natasha (5 damage)
             ... with a magic dart
             ... on level 3 of the Dungeon.
             The game lasted 00:14:38 (2217 turns).

Gumption the Firebug (Draconian Fire Elementalist)  Turns: 2217, Time: 00:14:39

Health: -4/26      AC:  5    Str: 10    XL:     3   Next: 76%
Magic:  1/6        EV: 12    Int: 16    God:
Gold:   73         SH:  0    Dex: 11    Spells: 2/6 levels left

rFire    + . .     SeeInvis .   b - +0 hunting sling
rCold    . . .     Gourm    .   (no shield)
rNeg     . . .     Faith    .   (armour unavailable)
rPois    .         Spirit   .   (helmet restricted)
rElec    .         Reflect  .   (no cloak)
rCorr    .         Harm     .   (no gloves)
MR       .....                  (no boots)
Stlth    ++........             (no amulet)
HPRegen  0.08/turn              d - ring of protection from fire
MPRegen  0.10/turn              h - -2 ring of slaying (curse)

@: slowed, very slow
A: unfitting armour, cold-blooded, AC +5
a: no special abilities


You were on level 3 of the Dungeon.
You were hungry.

You visited 1 branch of the dungeon, and saw 3 of its levels.

You collected 73 gold pieces.

Inventory:

Hand Weapons
 a - a +0 dagger
 b - a +0 hunting sling (weapon)
Missiles
 k - 29 sling bullets (quivered)
 l - 35 stones
 q - 17 poisoned darts
Jewellery
 d - a ring of protection from fire (left hand)
 h - a cursed -2 ring of slaying (right hand)
Scrolls
 c - a scroll of fog
 e - a scroll of immolation {unknown}
 g - a scroll of teleportation {unknown}
 o - a scroll of fear {unknown}
 p - a scroll of enchant armour {unknown}
 r - a scroll of magic mapping {unknown}
 t - a scroll of remove curse
Potions
 j - a potion of cancellation
 m - 2 potions of curing
 n - a potion of mutation {unknown}
 s - a potion of invisibility {unknown}
Comestibles
 f - 4 rations
 i - 2 chunks of flesh


   Skills:
 - Level 1.7 Dodging
 - Level 1.7 Stealth
 + Level 2.4 Spellcasting
 * Level 2.4 Conjurations
 * Level 3.7 Fire Magic


You had 2 spell levels left.
You knew the following spells:

 Your Spells              Type           Power        Failure   Level  Hunger
a - Flame Tongue          Conj/Fire      ##...        5%          1    #......
b - Conjure Flame         Conj/Fire      ##......     17%         3    ###....

Your spell library contained the following spells:

 Spells                   Type           Power        Failure   Level  Hunger
 Throw Flame              Conj/Fire      ##....       9%          2    ###....
 Inner Flame              Hex/Fire       #.......     26%         3    ###....
 Sticky Flame             Conj/Fire      ##......     50%         4    #####..
 Fireball                 Conj/Fire      ##........   83%         5    ######.


Dungeon Overview and Level Annotations

Branches:
Dungeon (3/15)

Altars:

Annotations:
D:3 Natasha


Innate Abilities, Weirdness & Mutations

Your plain brown scales are hard. (AC +5)
You cannot fit into any form of body armour.
You are cold-blooded and may be slowed by cold attacks.


Message History

Confirm with . or Enter, or press ? or * to list all spells.
Aiming: Flame Tongue (safe; 5% risk of failure)
Press: ? - help, Shift-Dir - straight line, f/p - Natasha
Aim: Natasha (almost dead, fast)
The flame tongue hits Natasha.
Natasha is almost dead.
Natasha casts a spell at you. You resist with significant effort.
The shadow imp closely misses you. Natasha barely misses you.
The shadow imp hits you but does no damage.
Casting: Flame Tongue (safe; 5% risk of failure)
Confirm with . or Enter, or press ? or * to list all spells.
Aiming: Flame Tongue (safe; 5% risk of failure)
Press: ? - help, Shift-Dir - straight line, f/p - Natasha
Aim: Natasha (almost dead, fast)
The flame tongue misses Natasha.
Natasha claws you.
* * * LOW HITPOINT WARNING * * *
Natasha casts a spell at you. The magic dart hits you.
You die...

...5........ ..(.^......
...h..?...# ..........#
..........# ..........#
#####..#### #..555....##
##### #..@h........ ...
#............ . ###.#
#............ .
..#.#######............
..
#.#.#...............###
.. #.#.#...............#
...#.#.#...............#
..§#§#.#..........####.#
##§§§#§#..........# ..


You could see Natasha, a crimson imp and 2 shadow imps.

Vanquished Creatures
  An adder (D:2)
  3 worms (D:2)
  2 dart slugs
  5 bats
  4 giant cockroaches (D:2)
  2 goblins
  4 hobgoblins
  2 jackals (D:3)
  5 kobolds
  A quokka (D:2)
  4 frilled lizards
  3 rats
36 creatures vanquished.

Notes
Turn   | Place    | Note
-------+----------+-------------------------------------------
     0 | D:1      | Gumption the Draconian Fire Elementalist began the quest
                  | for the Orb.
     0 | D:1      | Reached XP level 1. HP: 14/14 MP: 3/3
   469 | D:1      | Reached XP level 2. HP: 20/20 MP: 0/5
  1307 | D:2      | Reached XP level 3. HP: 26/26 MP: 6/6
  1313 | D:2      | Learned a level 3 spell: Conjure Flame
  2203 | D:3      | Noticed Natasha
  2217 | D:3      | HP: 1/26 [Natasha (4)]
  2217 | D:3      | Killed from afar by Natasha

Levels and vault maps discovered:
D:1:      co_arrival_hall_of_pillars, layout_loops_ring
D:2:      layout_loops_ring
D:3:      layout_basic, first_ration, uniq_natasha

Skill      XL: |  1  2 |
---------------+-------+-----
Conjurations   | 2 |  2.4
Dodging        | |  1.7
Stealth        | |  1.7
Spellcasting   | |  2.4
Fire Magic     | |  3.7

Action                   || total
-------------------------++-------
Melee: Dagger            ||     7
 Fire: Hunting sling     ||    44
 Cast: Flame Tongue      ||    42
  Use: Scroll            ||     6
 Stab: Sleeping          ||     1
  Eat: Chunk             ||     4
Armor: Skin              ||     5
Dodge: Dodged            ||    18
